 Dungeon Crawl Stone Soup version 0.19.1 (webtiles) character file.

727 bujo84 the Chopper (level 7, 0/62 HPs)
             Began as a Minotaur Fighter on Nov 25, 2016.
             Slain by TheSquall's ghost (15 damage)
             ... on level 5 of the Dungeon.
             The game lasted 00:06:16 (5312 turns).

bujo84 the Chopper (Minotaur Fighter)               Turns: 5312, Time: 00:06:17

Health: 0/62       AC:  7    Str: 25    XL:     7   Next: 44%
Magic:  6/6        EV:  7    Int:  7    God:
Gold:   176        SH:  9    Dex: 10    Spells: 0 memorised, 6 levels left

rFire  . . .     SeeInvis .     a - +0 war axe
rCold  . . .     Gourm    .     b - +0 scale mail
rNeg   . . .     Faith    .     c - +0 shield
rPois  .         Spirit   .     (helmet restricted)
rElec  .         Reflect  .     (no cloak)
rCorr  .         Harm     .     (no gloves)
MR     .....                    (no boots)
Stlth  ..........               (no amulet)
                                (no ring)
                                (no ring)

@: mighty
A: retaliatory headbutt, horns 2
a: no special abilities


You were on level 5 of the Dungeon.
You were not hungry.

You visited 2 branches of the dungeon, and saw 6 of its levels.

You collected 176 gold pieces.

Inventory:

Hand Weapons
 a - a +0 war axe (weapon)
Armour
 b - a +0 scale mail (worn)
 c - a +0 shield (worn)
 r - a +4 chain mail
Jewellery
 u - an uncursed amulet of guardian spirit {unknown}
Wands
 y - a wand of flame (30/48)
 A - a wand of polymorph (19/24)
Scrolls
 e - 4 scrolls of identify {unknown}
 j - 6 scrolls of remove curse {unknown}
 l - 2 scrolls of fear {unknown}
 m - 2 scrolls of enchant weapon {unknown}
 n - a scroll of enchant armour {unknown}
 q - a scroll of noise {unknown}
 v - a scroll of fog {unknown}
 w - a scroll of blinking {unknown}
 x - a scroll of teleportation {unknown}
Potions
 d - a potion of might
 h - 5 potions of heal wounds {unknown}
 i - 2 potions of invisibility {unknown}
 k - a potion of cancellation {unknown}
 o - 2 potions of lignification {unknown}
 p - 2 potions of curing {unknown}
 z - a potion of flight {unknown}
 B - a potion of ambrosia {unknown}
Comestibles
 f - 4 bread rations
 g - 2 meat rations
 s - 3 fruits
 t - a beef jerky


   Skills:
 + Level 5.9 Fighting
 * Level 7.7 Axes
 + Level 5.9 Armour
 - Level 3.6 Shields


You had 6 spell levels left.
You didn't know any spells.

Dungeon Overview and Level Annotations

Branches:
Dungeon (5/15)             Temple (1/1) D:4

Altars:
Ashenzari
Cheibriados
Dithmenos
Elyvilon
Fedhas
Gozag
Hepliaklqana
Kikubaaqudgha
Makhleb
Nemelex Xobeh
Qazlal
Ru
Sif Muna
Trog
Uskayaw
Xom
Yredelemnul
Zin
The Shining One

Annotations:
D:5 TheSquall's ghost, novice MiBe


Innate Abilities, Weirdness & Mutations

You reflexively headbutt those who attack you in melee.
You have a pair of horns on your head.


Message History

You feel very mighty all of a sudden.
TheSquall's ghost hits you but does no damage.
You hit TheSquall's ghost.
TheSquall's ghost is heavily damaged.
You block TheSquall's ghost's attack.
You hit TheSquall's ghost.
TheSquall's ghost is heavily damaged.
TheSquall's ghost hits you but does no damage.
TheSquall's ghost hits you!
You closely miss TheSquall's ghost. You headbutt TheSquall's ghost.
TheSquall's ghost is heavily damaged.
TheSquall's ghost shouts, "To die, to sleep, no more."
TheSquall's ghost hits you!
* * * LOW HITPOINT WARNING * * *
You are too injured to fight recklessly!
You are too injured to fight recklessly!
You barely miss TheSquall's ghost.
TheSquall's ghost is heavily damaged.
TheSquall's ghost hits you!
You die...

##.......#####
###.#.#.#.#.#.##
.##............#
.##.#.#.#.#.#.##
.##............#
.##.#.#.#.#.#.##
.##..........>.#
.##.#.#.#.#.#.########
................@W...#
.####.#.#.#.#.######.##
.# #...............<..#
.# ##.#.#.#.#.######.##
.# ######.#.###......#
.# #.#.# #.######
###### #.#.# #.# ......
#.#.# #.# ...... #.#.#
#.#


You could see TheSquall's ghost.

Vanquished Creatures
  2 sky beasts
  A big kobold (D:5)
  A bullfrog zombie (D:5)
  A jelly (D:5)
  A bullfrog skeleton (D:5)
  An orc priest (D:4)
  Terence (D:2)
  2 orc wizards (D:4)
  2 hound skeletons (D:5)
  10 gnolls
  8 adders
  4 worms
  A dart slug (D:1)
  2 leopard geckos
  7 orcs
  A ball python (D:4)
  3 bats
  3 giant cockroaches
  3 goblins
  6 hobgoblins
  2 jackals (D:2)
  2 quokkas
  4 frilled lizards
  12 kobolds
  6 rats
86 creatures vanquished.

Notes
Turn   | Place    | Note
-------+----------+-------------------------------------------
     0 | D:1      | bujo84 the Minotaur Fighter began the quest for the Orb.
     0 | D:1      | Reached XP level 1. HP: 19/19 MP: 0/0
   382 | D:1      | Reached XP level 2. HP: 27/27 MP: 1/1
   479 | D:1      | Reached skill level 3 in Axes
  1013 | D:2      | Found a hazy altar of Hepliaklqana.
  1083 | D:2      | Reached XP level 3. HP: 30/33 MP: 2/2
  1233 | D:2      | Found a deep blue altar of Sif Muna.
  1272 | D:2      | Reached skill level 4 in Axes
  1466 | D:2      | Reached XP level 4. HP: 27/40 MP: 3/3
  1888 | D:2      | Noticed Terence
  1892 | D:2      | Reached skill level 5 in Axes
  1897 | D:2      | Killed Terence
  1897 | D:2      | Reached XP level 5. HP: 45/47 MP: 4/4
  2327 | D:3      | Found a sacrificial altar of Ru.
  3026 | D:4      | Found a staircase to the Ecumenical Temple.
  3109 | Temple   | Entered the Ecumenical Temple
  3348 | D:4      | Noticed a sky beast
  3361 | D:4      | Killed a sky beast
  3361 | D:4      | Reached skill level 6 in Axes
  3361 | D:4      | Reached skill level 5 in Armour
  3361 | D:4      | Reached XP level 6. HP: 23/55 MP: 5/5
  3594 | D:4      | Reached skill level 5 in Fighting
  3931 | D:4      | Found a burning altar of Makhleb.
  3932 | D:4      | Found a bloodstained altar of Trog.
  4056 | D:5      | Entered Level 5 of the Dungeon
  4120 | D:5      | Reached skill level 7 in Axes
  4197 | D:5      | Noticed a sky beast
  4221 | D:5      | Killed a sky beast
  4221 | D:5      | Reached XP level 7. HP: 19/61 MP: 6/6
  5167 | D:5      | Noticed TheSquall's ghost (novice MiBe)
  5312 | D:5      | Slain by TheSquall's ghost

Skill      XL: |  1  2  3  4  5  6 |
---------------+-------------------+-----
Axes           | 3 4 5 6 7 |  7.7
Armour         | 4 5 |  5.9
Fighting       | 4 5 |  5.9
Shields        | |  3.6

Action                   |  1- 3 |  4- 6 |  7- 9 || total
-------------------------+-------+-------+-------++-------
Melee: War axe           |    70 |   149 |    42 ||   261
       Headbutt          |     9 |    21 |     9 ||    39
  Use: Potion            |       |       |     1 ||     1
  Eat: Chunk             |     2 |     8 |     1 ||    11
       Meat ration       |       |       |     1 ||     1
Armor: Scale mail        |    30 |    49 |     9 ||    88
Dodge: Dodged            |    17 |    31 |    20 ||    68
Block: Shield            |    39 |    66 |    19 ||   124
